Cogmind - Beta 15 @@@ ROGUE MODE // 2025.08.22 @ 15:10:14 Player: NQH Result: Destroyed by as-93509 with Assembled Rifle Performance ------------- Evolutions (0) 0 Regions Visited (0) 0 Robots Destroyed (0) 0 Value Destroyed (0) 0 Prototype IDs (0) 0 Alien Tech Used (0) 0 Bonus (0) 0 TOTAL SCORE: 0 Bonus ------- None Cogmind --------- Core Integrity 0/250 Matter 230/300 Energy 99/100 System Corruption 1% Temperature Cool (0) Movement Core (50) Location -11/Scrapyard Parts ------- > --- POWER (1) -------- (None) > --- PROPULSION (2) --- (None) > --- UTILITY (2) ------ (None) > --- WEAPON (2) ------- (None) > --- INVENTORY (5) ---- (None) Peak State ------------ None Favorites ----------- Power None Propulsion None Utility None Weapon None Build | -11 ------- Run | Yrd Slots Evolved . | . Power . | . Propulsion . | . Utility . | . Weapon . | . Parts Attached . | . Power . | . Engine . | . Core . | . Reactor . | . Propulsion . | . Treads . | . Leg . | . Wheel . | . Hover . | . Flight . | . Utility . | . Device . | . Storage . | . Processor . | . Hackware . | . Protection . | . Artifact . | . Weapon . | . Energy Gun . | . Energy Cannon . | . Ballistic Gun . | . Ballistic Cannon . | . Launcher . | . Special Weapon . | . Impact Weapon . | . Slashing Weapon . | . Piercing Weapon . | . Special Melee Weapon . | . Unidentified Prototypes . | . Parts Lost . | . Power . | . Propulsion . | . Utility . | . Weapon . | . Highest Loss Streak . | . To Critical Strikes . | . Average Backups . | . Power . | . Propulsion . | . Utility . | . Weapon . | . Tool/Special . | . Unused Backups . | . Power . | . Propulsion . | . Utility . | . Weapon . | . Tool/Special . | . Average Slot Usage (%) . | . Peak Build Rating . | . Average Rating . | . On Entrance . | . Naked Turns . | . Heaviest Build . | . Greatest Support 3 | 3 Greatest Overweight (x) . | . Average Overweight (x) . | . Largest Inventory Capacity 5 | 5 Average Capacity 5 | 5 Most Carried . | . Average Carried . | . Final Capacity 5 | 5 Final Carried . | . Class Distribution -------------------- None Dominant Class ---------------- None Resources | -11 ----------- Run | Yrd Matter Collected 128 | 128 Remotely . | . Salvage Created . | . Parts . | . Haulers Intercepted . | . Recyclers Shooed . | . Parts Field Recycled . | . Retrieved Matter . | . Parts Self-Destructed . | . Prevented . | . Kills | -11 ------- Run | Yrd Combat Hostiles Destroyed . | . Classes Destroyed . | . Best Kill Streak . | . Combat Bots Only . | . Max Kills in Single Turn . | . Gunslinging . | . Exploded . | . Melee . | . Uniques/NPCs Destroyed . | . Combat | -11 -------- Run | Yrd Hostile Shots Fired 19 | 19 Missed 6 | 6 Hits 13 | 13 Projectile 13 | 13 AOE 3 | 3 Critical Strikes 1 | 1 Damage Taken 262 | 262 Core 262 | 262 Absorbed by Shields . | . Core Remaining (%) . | . Volleys Fired . | . Largest . | . Hottest . | . Shots Fired . | . Gun . | . Cannon . | . Launcher . | . Special . | . Kinetic . | . Thermal . | . Explosive . | . Electromagnetic . | . Robot Hit Streak . | . Robot Miss Streak . | . Penetration Max . | . Secondary Targets . | . Shots Hit Robots . | . Core Hits 1 | 1 Critical Kills . | . Critical Parts Destroyed . | . Critical Strikes . | . Melee Attacks . | . Impact . | . Slashing . | . Piercing . | . Sneak Attacks . | . Combat Hostiles . | . Follow-up Attacks . | . Damage Inflicted 5 | 5 Guns . | . Cannons . | . Explosions . | . Melee . | . Ramming 5 | 5 Kinetic . | . Thermal . | . Explosive . | . Electromagnetic . | . Impact . | . Slashing . | . Piercing . | . Highest Corruption 1 | 1 Average Corruption 1 | 1 Corruption Purged . | . Corruption Blocked . | . Overload Shots . | . Overflow Damage . | . Projectiles . | . Explosions . | . Melee . | . Knockbacks . | . Impact . | . Kinetic . | . Secondary . | . Self-Inflicted Damage 2 | 2 Shots . | . Rammed 1 | 1 Targets Rammed 1 | 1 Kicked . | . Crushed . | . Highest Temperature . | . Average Temperature . | . Received Heat Transfer . | . Siege Activations . | . Martial Activations . | . Shielding Activations . | . Robots Disrupted . | . Combat Hostiles . | . Robots Corrupted . | . Combat Hostiles . | . Parts Fried . | . Impact Corruptions . | . Robots Melted . | . Combat Hostiles . | . Parts Melted . | . Heat Transferred . | . Parts Sabotaged . | . Parts Stolen . | . Parts Stripped . | . Power Chain Reactions . | . Alert | -11 ------- Run | Yrd Maximum Alert Level . | . Low Security (%) 100 | 100 Level 1 . | . Level 2 . | . Level 3 . | . Level 4 . | . Level 5 . | . High Security . | . Max Security . | . Peak Influence . | . Initial . | . Average . | . Influence Increases . | . Influence Decreases . | . Squads Dispatched . | . Investigation . | . Extermination . | . Reinforcement . | . Assault . | . Garrison . | . Intercept . | . Searches Triggered . | . Construction Impeded . | . Haulers Reinforced . | . Active Scanning Responses . | . Cargo Convoy Interrupts . | . Stealth | -11 --------- Run | Yrd Distress Signals . | . Communications Jammed . | . Distress Signals . | . Times Spotted 21 | 21 Peak Tracking Total 22 | 22 Tactical Retreats . | . Traps | -11 ------- Run | Yrd Traps Triggered . | . Indirectly . | . Trap Hack Attempts . | . Triggered . | . Disarmed . | . Reprogrammed . | . Reused . | . Traps Extracted . | . Installed . | . Triggered . | . Machines | -11 ---------- Run | Yrd Machines Disabled . | . Max in Single Turn . | . Machines Repaired . | . Machines Dismantled . | . Machines Sabotaged . | . Overloaded Fab Kills . | . Hacking | -11 --------- Run | Yrd Machines Accessed . | . Terminals . | . Fabricators . | . Repair Stations . | . Recycling Units . | . Scanalyzers . | . Garrison Access . | . Total Hacks . | . Successful . | . Failed . | . Catastrophic . | . Database Lockouts . | . Manual . | . Terminals . | . Fabricators . | . Repair Stations . | . Recycling Units . | . Scanalyzers . | . Garrison Access . | . Terminal Hacks . | . Fabricator Hacks . | . Repair Station Hacks . | . Recycling Unit Hacks . | . Scanalyzer . | . Garrison Access Hacks . | . Unauthorized Hacks . | . Terminals . | . Fabricators . | . Repair Stations . | . Recycling Units . | . Scanalyzers . | . Garrison Access . | . Data Cores Recovered . | . Used . | . Hacking Detections . | . Full Trace Events . | . Feedback Events . | . Feedback Blocked . | . Robot Schematics Acquired . | . Robots Built . | . Authchips . | . Time . | . Total Robot Build Rating . | . Part Schematics Acquired . | . Parts Built . | . Authchips . | . Time . | . Total Part Build Rating . | . Parts Repaired . | . Time . | . Parts Recycled . | . Recycled Matter . | . Retrieved Matter . | . Retrieved Components . | . Parts Scanalyzed . | . Part Schematics Acquired . | . Parts Damaged . | . Bothacking | -11 ------------ Run | Yrd Used RIF Installer . | . Robots Hacked . | . Non-combat . | . Combat . | . Robot Hacks Applied . | . Relay Couplers Released . | . Fabnet Peak Effective % . | . Robots Rewired . | . Allies Hacked . | . Hacks Repelled . | . Allies | -11 -------- Run | Yrd Total Allies . | . Largest Group . | . Highest-Rated Group . | . Highest-Rated Ally . | . Total Orders . | . Ally Attacks . | . Total Damage . | . Kills . | . Allies Corrupted . | . Allies Melted . | . Intel | -11 ------- Run | Yrd Active Infowar (turns) . | . Robot Analysis Total . | . Derelict Logs Recovered . | . Drone Launches . | . Drone Recoveries . | . Exploration | -11 ------------- Run | Yrd Turns Passed 2403 | 2403 Spaces Moved 489 | 489 Core 489 | 489 Treads . | . Legs . | . Wheels . | . Hover . | . Flight . | . Fastest Speed 50 | 50 Average Speed 50 | 50 Slowest Speed 50 | 50 Overloaded Moves . | . Propulsion Burnouts . | . Robots Hopped . | . Potential Cave-ins . | . Cave-ins Triggered . | . Exploration Rate (%) 52 | 52 Regions Visited . Branch Regions . Pre-discovered Areas . | . Known Exits Taken . | . Unknown Exits Taken . | . Scrap Searched . | . Spaces Dug . | . Terrain Destroyed . | . Melee . | . Projectile . | . AOE . | . Terrain Rammed . | . Walls Destroyed . | . Machines Disabled . | . Actions | -11 --------- Run | Yrd Total 2647 | 2647 Wait 2157 | 2157 Move 489 | 489 Hop . | . Pick Up . | . Fast Attach . | . Attach . | . Detach . | . Swap . | . Drop . | . Fire . | . Melee . | . Ram 1 | 1 Kick . | . Crush . | . Escape Stasis . | . Rewire . | . Trap . | . Miscellaneous . | . Route ------- -11/Scrapyard (discovered 1 exit: [*Mat]) History --------- Turn | Location | Event 1656 | -11/Scrapyard | Discovered new exit (range 15) 2363 | -11/Scrapyard | Assembled infested the area 2401 | -11/Scrapyard | Core integrity fell below 50% 2403 | -11/Scrapyard | Core integrity fell below 20% 2404 | -11/Scrapyard | Destroyed by as-93509 with Assembled Rifle Last Messages --------------- 01206_ T-07 Excavator is excavating. 01209_ K-01 Serf collects debris. 01210_ T-07 Excavator is excavating. 01212_ K-01 Serf collects debris. 01214_ T-07 Excavator is excavating. 01215_ K-01 Serf collects debris. 01218_ T-07 Excavator is excavating. 01218_ K-01 Serf collects debris. 01222_ T-07 Excavator is excavating. 01463_ K-01 Serf collects debris. 01656_ EXIT=FOUND 01660_ Acquired 52 matter. 01664_ Acquired 76 matter. 01749_ T-07 Excavator is excavating. 02363_ ALERT: Infestation in the scrapyard, dispatching Demolisher response squad. 02394_ Slammed into as-87086. 02394_ Destabilizing: System corrupted (+1). 02400_ C-30 ARC bursts open, deploying its payload. 02400_ D-53 Grenadier unfolds itself. Map ----- +----------------------------------------------------+ | ????????????????? ????????????????? | | ????????????###??# ??######????????? | | ???????? ??? ?# ### #????????? | | ????????? #% # #????????? | | ???????# #* # #????????? | | ???????# ##???????? | | ???????# # # ##??????? | | ????####? ???# #??????? | | ????# # ???????# #??????? | | ##### #?????????# # #??????? | | #???????### #########??????? | | #???????# # # #????????????? | | ##???????# aa #????????????? | | #????????# # a #????????????? | | #????????## ##????????????? | | #????????# a ########??????? | | #????????## #??????? | | #????????# ##?????? | | #??????????# d #?????? | | #??????????### % ##?????? | | ### #########?##### d ##?????? | | #?# # #?# #?????? | | #?# # #?# ##?????? | | #?# # #?# #?????? | | #?# # #?# ##?????? | | ### # #?# @ #??????? | | # ### ################ ##??????? | | # #???????? | | # ##???????? | | # ########## ######## ##????????? | | ## ##????????###??????###?????????? | | ## #??????????????????????????????? | | ## #??????????????????????????????? | | ## ??????????????????????????????? | | ?# #??????????????????????????????? | | ?# ???????????????????????????????? | | ## #??????????????????????????????? | | #??????????????????????????????? | | #??????????????????????????????? | | ####??????????????????????????????? | | ? ????????????????????????????????? | | ?? ??????????????????????????????? | | ??? ????????????????????????????? | | ???? ???????????????????????????? | | ????? ???????????????????????????? | | ?????? ????????????????????????????? | | ???????????????????????????????????? | | ???????????????????????????????????? | | ???????????????????????????????????? | | ???????????????????????????????????? | +----------------------------------------------------+ Best States ------------- Heat Dissipation 25 Energy Generation 5 Energy Capacity 100 Matter Stores 230 Matter Capacity 300 Sight Range 16 Terrain Scan Density 10 Evasion (%) 50 Item Schematics ----------------- None Robot Schematics ------------------ None Fabricated ------------ Nothing Repaired ---------- Nothing Alien Tech Used ----------------- None Achievements -------------- None Challenges ------------ None Game ------ Seed ThiefChargeGravjet Manual? 0 Play Time 00:07:20 Cumulative 16.1 hours Start 2025.08.22 @ 15:06:23 End 2025.08.22 @ 15:10:14 Sessions 0 Manual Loads 0 Difficulty Rogue Special Mode None Game No. 48 Rogue 48 Adventurer 0 Explorer 0 Win Type - Total 0 Types 0/0/0/0/0/0/0/0/0/0 Lore% 10 Gallery% 22 Achievement% 20 Wizard Run 0 Options --------- Layout 1 ASCII 0 Keyboard 1 Movement Vi Keybinds 0 Fullscreen 1 Font 16/SmallcapsGlow Map View 55x38 Zoom Use 0% Tactical HUD 1 Map Filters NONE Filters NONE Steam 1 RUN: 1d432686-84e0-4c89-b42b-239261b047b0